 Dungeon Crawl Stone Soup version 0.30-a0-509-gd016549fea (webtiles) character file.

Game seed: 9412844652964188167

386 ryw the Chiller (level 6, -5/50 HPs)
             Began as a Demigod Ice Elementalist on Dec 23, 2022.
             Slain by a black bear (7 damage)
             ... on level 5 of the Dungeon.
             The game lasted 00:10:29 (4017 turns).

ryw the Chiller (Demigod Ice Elementalist)          Turns: 4017, Time: 00:10:29

Health: -5/50      AC:  2    Str:  9    XL:     6   Next: 23%
Magic:  1/13       EV: 13    Int: 28    God:
Gold:   202        SH:  0    Dex: 14    Spells: 3/11 levels left

rFire   . . .      SeeInvis +    m - +4 hand axe "Pam Vofoc" {holy, rC+ Int-3 SInv}
rCold   + . .      Faith    .    (no shield)
rNeg    . . .      Spirit   .    a - +0 robe
rPois   .          Reflect  .    (no helmet)
rElec   .          Harm     .    (no cloak)
rCorr   .          Rampage  .    (no gloves)
Will    .....                    (no boots)
Stlth   ++........               (no amulet)
HPRegen 0.28/turn                e - ring of wizardry
MPRegen 0.13/turn                f - +6 ring of intelligence

@: no status effects
A: high MP 1, forlorn, divine attributes
a: no special abilities


You were on level 5 of the Dungeon.
You visited 1 branch of the dungeon, and saw 5 of its levels.

You collected 202 gold pieces.

Inventory:

Hand Weapons
 c - a +0 long sword of flaming
 m - the +4 hand axe "Pam Vofoc" (weapon) {holy, rC+ Int-3 SInv}
   (You found it on level 3 of the Dungeon)

   It has been blessed by the Shining One to cause great damage to the undead
   and demons.
   Int:       It affects your intelligence (-3).
   rC:        It protects you from cold.
   SInv:      It lets you see invisible.
Missiles
 g - 3 boomerangs of dispersal
 t - a throwing net
Armour
 a - a +0 robe (worn)
 w - a +1 leather armour of willpower
Jewellery
 e - a ring of wizardry (left hand)
 f - a +6 ring of intelligence (right hand)
Scrolls
 d - 3 scrolls of vulnerability {unknown}
 o - 3 scrolls of identify
 p - 2 scrolls of magic mapping {unknown}
 r - a scroll of enchant armour {unknown}
 u - 2 scrolls of teleportation {unknown}
Potions
 b - 2 potions of magic
 h - 3 potions of mutation
 i - 3 potions of might
 j - a potion of flight
 n - a potion of curing {unknown}
 q - 2 potions of haste {unknown}
 s - a potion of invisibility {unknown}
 v - 2 potions of attraction {unknown}


   Skills:
 + Level 2.5 Fighting
 + Level 3.4 Dodging
 - Level 2.0 Stealth
 + Level 3.1 Spellcasting
 + Level 0.5 Hexes
 + Level 2.3 Summonings
 - Level 4.0 Ice Magic


You had 3 spell levels left.
You knew the following spells:

 Your Spells              Type           Power      Damage    Failure   Level
a - Summon Small Mammal   Summ           68%        N/A       1%          1
b - Call Canine Familiar  Summ           17%        N/A       4%          3
c - Summon Guardian Gole  Hex/Summ       12%        N/A       6%          3
z - Freeze                Ice            100%       1d10      1%          1

Your spell library contained the following spells:

 Spells                   Type           Power      Damage    Failure   Level
 Frozen Ramparts          Ice            52%        1d8       1%          3
 Ozocubu's Armour         Ice            26%        N/A       1%          3
 Cigotuvi's Dreadful Rot  Necr/Pois/Air  8%         N/A       4%          2
 Poisonous Vapours        Pois/Air       8%         N/A       4%          2
 Ignite Poison            Fire/Tmut/Pois 4%         N/A       10%         3
 Mephitic Cloud           Conj/Pois/Air  4%         N/A       10%         3
 Summon Ice Beast         Ice/Summ       22%        N/A       9%          4
 Dispel Undead            Necr           4%         3d7       32%         4
 Sticky Flame             Conj/Fire      4%         2d3       32%         4
 Death Channel            Necr           2%         N/A       99%         6
 Ignition                 Fire           2%         3d3       100%        8


Dungeon Overview and Level Annotations

Branches:
Dungeon (5/15)
 Temple: D:4-7

Annotations:
D:5 Dowan


Innate Abilities, Weirdness & Mutations

You have an increased reservoir of magic. (+10% MP)
You shall have no god before yourself.
Your divine heritage dramatically boosts your attributes as you level up.


Message History

The black bear claws you.
The black bear rages.
The black bear bites you. The black bear barely misses you.
The black bear misses you.
Your rat bites the black bear but does no damage.
The black bear bites your rat!
Your rat dies!
Your rat's corpse disappears in a puff of smoke!
The black bear attacks as you move away!
The black bear bites you! The black bear barely misses you. x2
Casting: Summon Small Mammal (safe; 1% risk of failure)
Confirm with . or Enter, or press ? or * to list all spells.
You don't have enough magic to cast this spell.
The black bear attacks as you move away!
The black bear bites you! The black bear closely misses you.
The black bear claws you. The black bear barely misses you.
The black bear closely misses you. The black bear claws you.
* * * LOW HITPOINT WARNING * * *
There is an open door here.
The black bear barely misses you. The black bear claws you.
* * * LOW HITPOINT WARNING * * *
The black bear claws you.
* * * LOW HITPOINT WARNING * * *
Unknown command.
Okay, then.
Okay, then.
As you read the scroll labelled OSEKYG AGEPH, it crumbles to dust.
It is a scroll of brand weapon.
Your +0 vorpal long sword is engulfed in flames!
c - a +0 long sword of flaming The black bear closely misses you.
The black bear barely misses you. x2
As you read the scroll labelled FEUXZAR KEPNYCK, it crumbles to dust.
You assume a fearsome visage.
The orc looks frightened!
The black bear is unaffected.
It was a scroll of fear.
The black bear misses you. x2; The black bear claws you.
* * * LOW HITPOINT WARNING * * *
The black bear bites you.
* * * LOW HITPOINT WARNING * * *
The black bear closely misses you. The black bear claws you!
You die...

..#######h####...#
...### #.# #...# ...#
#†# #...# # #.###.#
#...# #####.ho)o# #...#
....r.>#### #...#
o####### #...####### h#
#...ho....# .#
#..@#####.# §#
#...#..<#.# .###########
#...#...#o# ..ohsh(.h..#
###.....#.#
##########.###########.#
# #...........o.§h...# #
#.####.#############
#......# #.#.####


You could see a black bear (berserk) and an orc (fleeing).

Vanquished Creatures
  Jessica (D:3)
  An iguana (D:4)
  2 orc wizards
  A gnoll (D:4)
  2 adders
  2 worms (D:2)
  2 dart slugs
  10 orcs
  5 endoplasms
  3 giant cockroaches
  9 goblins
  12 hobgoblins
  2 quokkas
  5 ball pythons
  3 bats
  3 frilled lizards
  6 kobolds
  6 rats
75 creatures vanquished.

Vanquished Creatures (collateral kills)
  A scorpion (D:5)
  A jelly (D:5)
  An orc wizard (D:4)
  3 gnolls (D:4)
  An adder (D:5)
  A nameless horror (D:5)
  3 orcs (D:5)
  A kobold (D:2)
  2 frilled lizards (D:2)
14 creatures vanquished.

Vanquished Creatures (others)
  5 plants (D:2)
5 creatures vanquished.

Grand Total: 94 creatures vanquished

Notes
Turn   | Place    | Note
-------+----------+-------------------------------------------
     0 | D:1      | ryw the Demigod Ice Elementalist began the quest for the
                  | Orb.
     0 | D:1      | Reached XP level 1. HP: 14/14 MP: 5/5
   244 | D:1      | Reached XP level 2. HP: 17/20 MP: 4/7
   778 | D:1      | Learned a level 1 spell: Summon Small Mammal
  1006 | D:2      | Reached XP level 3. HP: 26/27 MP: 6/8
  1157 | D:2      | Reached skill level 4 in Ice Magic
  1481 | D:2      | Reached skill level 1 in Fighting
  1615 | D:3      | Noticed Jessica
  1747 | D:3      | Killed Jessica
  1748 | D:3      | Reached skill level 1 in Summonings
  1748 | D:3      | Reached XP level 4. HP: 35/35 MP: 5/10
  1875 | D:3      | Identified the +4 hand axe "Pam Vofoc" {holy, rC+ Int-3
                  | SInv}
  2455 | D:4      | Learned a level 3 spell: Call Canine Familiar
  2513 | D:4      | Reached XP level 5. HP: 32/41 MP: 1/11
  3473 | D:5      | Entered Level 5 of the Dungeon
  3528 | D:5      | Noticed Dowan
  3707 | D:5      | Learned a level 3 spell: Summon Guardian Golem
  3911 | D:5      | Noticed a black bear
  3938 | D:5      | Reached XP level 6. HP: 49/49 MP: 7/13
  4017 | D:5      | HP: 2/50 [black bear (2)]
  4017 | D:5      | Slain by a black bear

Illustrated notes

Levels and vault maps discovered:
D:1:      dpeg_arrival_morbid_curiosity, layout_basic, serial_curves,
          eino_curves_02, eino_curves_01, eino_curves_03,
          dreamdust_ecumenical_altar_statues, minmay_stone_trees_small,
          minmay_misc_feat_secret_circle
D:2:      layout_rooms, lexackson_kobold_supper
D:3:      layout_rooms, uniq_jessica
D:4:      layout_loops_ring
D:5:      layout_basic, nicolae_overflow_hallway_of_the_gods, serial_shops,
          kennysheep_little_box, bh_walls_and_bars, uniq_duvessa

Skill      XL: |  1  2  3  4  5 |
---------------+----------------+-----
Stealth        | 2 |  2.0
Dodging        | 2 3 |  3.4
Spellcasting   | 2 3 |  3.1
Ice Magic      | 4 |  4.0
Fighting       | 1 2 |  2.5
Summonings     | 1 2 |  2.3
Hexes          | |  0.5

Action                   |  1- 3 |  4- 6 || total
-------------------------+-------+-------++-------
Melee: Long sword        |    74 |    12 ||    86
       Hand axe          |       |    22 ||    22
 Cast: Freeze            |    21 |    36 ||    57
       Summon Small Mamm |    14 |    25 ||    39
       Call Canine Famil |       |    15 ||    15
  Use: Scroll            |     3 |     2 ||     5
 Stab: Sleeping          |     7 |     1 ||     8
       Distracted        |       |     1 ||     1
Armor: Robe              |    12 |     7 ||    19
Dodge: Dodged            |    60 |    55 ||   115

Table legend: (Time is in decaauts)
 A = Elapsed time spent in this place.
 B = Non-inter-level travel time spent in this place.
 C = Inter-level travel time spent in this place.
 D = Time resting spent in this place.
 E = Time spent auto-exploring this place.
 F = Levels seen in this place.
 G = Mean time per level.
                   A        B        C        D        E       F      G
               +--------+--------+--------+--------+--------+-----+--------+
         Total |   4055 |   3932 |    123 |    470 |   2631 |   5 |  811.0 |
       Dungeon |   4055 |   3932 |    123 |    470 |   2631 |   5 |  811.0 |
               +--------+--------+--------+--------+--------+-----+--------+

Top non-repeatable levels by time:
     D:4: 1255 daAuts
     D:1: 938 daAuts
     D:2: 790 daAuts
     D:5: 543 daAuts
     D:3: 527 daAuts
